 Dungeon Crawl Stone Soup version 0.30-a0-1074-g5db6f66fbb (webtiles) character file.

Game seed: 1954539560849880252

25 Pimp the Shooter (level 2, -2/17 HPs)
             Began as a Deep Elf Hunter on Apr 13, 2023.
             Constricted to death by Natasha (11 damage)
             ... on level 2 of the Dungeon.
             The game lasted 00:03:26 (1010 turns).

Pimp the Shooter (Deep Elf Hunter)                  Turns: 1010, Time: 00:03:27

Health: -2/17      AC:  5    Str:  8    XL:     2   Next: 86%
Magic:  4/4        EV:  9    Int: 13    God:
Gold:   93         SH:  0    Dex: 18    Spells: 1/1 levels left

rFire   . . .      SeeInvis .    a - +0 shortbow
rCold   . . .      Faith    .    (shield currently unavailable)
rNeg    . . .      Spirit   .    c - +1 leather armour
rPois   .          Reflect  .    (no helmet)
rElec   .          Rampage  .    (no cloak)
rCorr   .                        (no gloves)
Will    .....                    l - +0 pair of boots
Stlth   ++                       (no amulet)
HPRegen 0.22/turn                (no ring)
MPRegen 0.09/turn                (no ring)

@: grasped by roots, slowed, constricted, very slow
A: no striking features
a: no special abilities


You were on level 2 of the Dungeon.
You visited 1 branch of the dungeon, and saw 2 of its levels.

You collected 93 gold pieces.

Inventory:

Hand Weapons
 a - a +0 shortbow (weapon)
 i - a +0 short sword
Missiles
 d - 4 silver boomerangs
Armour
 c - a +1 leather armour (worn)
 l - a +0 pair of boots (worn)
Jewellery
 h - a +5 ring of evasion
Scrolls
 b - a scroll of immolation
 e - a scroll of identify
 k - a scroll of noise {unknown}
 m - a scroll of amnesia
 n - a scroll of butterflies {unknown}
Potions
 f - a potion of haste
 g - a potion of lignification {unknown}
 j - a potion of curing {unknown}


   Skills:
 + Level 1.9 Fighting
 + Level 5.6 Ranged Weapons
 * Level 3.0 Dodging
 + Level 2.1 Stealth


You had one spell level left.
You didn't know any spells.
Your spell library contained the following spells:

 Spells                   Type           Power      Damage    Failure   Level
 Static Discharge         Conj/Air       0%         2-2/arc   56%         2
 Airstrike                Air            0%         2d(0-16)  99%         4
 Summon Lightning Spire   Summ/Air       0%         N/A       99%         4


Dungeon Overview and Level Annotations

Branches:
Dungeon (2/15)

Altars:

Annotations:
D:2 Natasha


Message History

The jackal is severely wounded.
The jackal barely misses you.
The jackal bites you but does no damage.
You hit the jackal.
You kill the jackal!
You see here a jackal corpse.
You start resting.
HP restored.
a - a +0 shortbow (weapon)
You see here a jackal corpse.
n - a scroll labelled OTUHOA SOYSCHUTT Natasha, Servant of Life and Death comes into view.
She is carrying a wand of roots (14).
Fire: a) +0 shortbow
Press: ? - help, Q - select action, (/) - cycle Shift-Dir - straight line, f - Natasha
Aim: Natasha, carrying a wand of roots (14) (asleep, 98% to hit)
You shoot an arrow. The arrow hits Natasha!
Natasha hisses angrily.
Natasha is heavily wounded.
Fire: a) +0 shortbow
Press: ? - help, Q - select action, (/) - cycle Shift-Dir - straight line, f/p - Natasha
Aim: Natasha, carrying a wand of roots (14) (heavily wounded, 56% to hit)
You shoot an arrow. The arrow closely misses Natasha.
Natasha drinks a potion.
Natasha's spells are empowered!
Fire: a) +0 shortbow
Press: ? - help, Q - select action, (/) - cycle Shift-Dir - straight line, f/p - Natasha
Aim: Natasha, carrying a wand of roots (14) (heavily wounded, spells empowered, 56% to hit)
You shoot an arrow. The arrow closely misses Natasha.
Natasha casts a spell at you. The magic dart hits you.
Natasha zaps a wand.
The roots erupt in riotous growth!
The grasping roots grab you! The grasping roots constrict you.
Fire: a) +0 shortbow
Press: ? - help, Q - select action, (/) - cycle Shift-Dir - straight line, f/p - Natasha
Aim: Natasha, carrying a wand of roots (13) (heavily wounded, spells empowered, 56% to hit)
You shoot an arrow. The arrow barely misses Natasha.
Natasha casts a spell at you.
You feel yourself slow down. The grasping roots constrict you!
Ouch! That really hurt!
You die...

.........#
..#######.####.#
.######... # #.# # .#
###### #.# # .# #....###
... # .# #......# ..# #
.##########....#.# ...#
.......†...†.....# ....
###########....#######..
................@....h..
##############.#######..
#.......#....#.#
#.#####.#.##.#.#
#.......#.##.#.#
#..######.##.#.# #..#
#.##.#.# #..# #.##.#.#
#..######.##.#.#


You could see Natasha (empowered).

Vanquished Creatures
  A dart slug (D:1)
  An endoplasm (D:2)
  3 goblins
  4 hobgoblins (D:1)
  4 jackals (D:2)
  A quokka (D:1)
  A bat (D:1)
  4 frilled lizards (D:1)
  2 kobolds
  A rat (D:2)
22 creatures vanquished.

Notes
Turn   | Place    | Note
-------+----------+-------------------------------------------
     0 | D:1      | Pimp the Deep Elf Hunter began the quest for the Orb.
     0 | D:1      | Reached XP level 1. HP: 12/12 MP: 3/3
   202 | D:1      | Reached XP level 2. HP: 17/17 MP: 4/4
  1006 | D:2      | Noticed Natasha
  1010 | D:2      | Constricted to death by Natasha

Illustrated notes

Levels and vault maps discovered:
D:1:      lightli_arrival_lavapool, layout_basic, hex_large,
          chequers_serial_rivers_room_a, grunt_decor_clamped,
          nrook_mini_backslash
D:2:      layout_basic, st_stairs_13, chequers_serial_rivers_micro_d,
          hex_medium, kennysheep_generic_room_16, uniq_sigmund, uniq_natasha,
          uniq_terence

Skill      XL: |  1  2 |
---------------+-------+-----
Stealth        | 2 |  2.1
Dodging        | 3 |  3.0
Fighting       | |  1.9
Ranged Weapons | |  5.6

Action                     || total
---------------------------++-------
  Melee: Short sword       ||     7
   Fire: Shortbow          ||    58
    Use: Scroll            ||     6
 Armour: Leather armour    ||     9
  Dodge: Dodged            ||    15

Table legend: (Time is in decaauts)
 A = Elapsed time spent in this place.
 B = Non-inter-level travel time spent in this place.
 C = Inter-level travel time spent in this place.
 D = Time resting spent in this place.
 E = Time spent auto-exploring this place.
 F = Levels seen in this place.
 G = Mean time per level.
                   A        B        C        D        E       F      G
               +--------+--------+--------+--------+--------+-----+--------+
         Total |   1023 |   1006 |     17 |     39 |    777 |   2 |  511.5 |
       Dungeon |   1023 |   1006 |     17 |     39 |    777 |   2 |  511.5 |
               +--------+--------+--------+--------+--------+-----+--------+

Top non-repeatable levels by time:
     D:1: 591 daAuts
     D:2: 432 daAuts
